 Dungeon Crawl Stone Soup version 0.26-a0-1181-gd376ed14c5 (webtiles) character file.

Game seed: 6079247169249725939

243 Dirian the Firebug (level 5, -5/41 HPs)
             Began as a Draconian Fire Elementalist on Dec 25, 2020.
             Was a Follower of Qazlal.
             Shot with an arrow by a centaur (13 damage)
             ... on level 3 of the Dungeon.
             The game lasted 00:20:06 (3393 turns).

Dirian the Firebug (Draconian Fire Elementalist)    Turns: 3393, Time: 00:20:08

Health: -5/41      AC:  5    Str: 10    XL:     5   Next: 82%
Magic:  3/10       EV: 12    Int: 17    God:    Qazlal [*.....]
Gold:   156        SH:  1    Dex: 11    Spells: 2/10 levels left

rFire    . . .     SeeInvis .   j - +1 short sword (venom)
rCold    . . .     Faith    .   (no shield)
rNeg     . . .     Spirit   .   (armour unavailable)
rPois    .         Reflect  .   (helmet restricted)
rElec    .         Harm     .   (no cloak)
rCorr    .         Rampage  .   (no gloves)
Will     .....                  (no boots)
Stlth    ++........             (no amulet)
HPRegen  0.13/turn              (no ring)
MPRegen  0.12/turn              (no ring)

@: no status effects
A: unfitting armour, cold-blooded, AC +5
a: Renounce Religion


You were on level 3 of the Dungeon.
You worshipped Qazlal.
Qazlal was aware of your devotion.
You visited 1 branch of the dungeon, and saw 3 of its levels.

You collected 156 gold pieces.

Inventory:

Hand Weapons
 b - a +0 dagger
 j - a +1 short sword of venom (weapon)
Jewellery
 h - an uncursed amulet of magic regeneration {unknown}
Wands
 e - a wand of iceblast (6)
Scrolls
 a - a scroll of noise {unknown}
 c - 3 scrolls of magic mapping {unknown}
 d - 4 scrolls of identify {unknown}
 i - 2 scrolls of remove curse {unknown}
 k - a scroll of teleportation {unknown}
 m - a scroll of enchant weapon {unknown}
Potions
 f - a potion of cancellation {unknown}
 g - 2 potions of haste {unknown}
 l - a potion of curing


   Skills:
 * Level 2.1 Fighting
 - Level 0.2 Short Blades
 - Level 1.7 Dodging
 - Level 2.0 Stealth
 + Level 3.3 Spellcasting
 * Level 2.4 Conjurations
 + Level 4.6 Fire Magic


You had 2 spell levels left.
You knew the following spells:

 Your Spells              Type           Power        Failure   Level
a - Foxfire               Conj/Fire      60%          4%          1
b - Conjure Flame         Conj/Fire      15%          12%         3
c - Sticky Flame          Conj/Fire      15%          36%         4

Your spell library contained the following spells:

 Spells                   Type           Power        Failure   Level
 Inner Flame              Hex/Fire       10%          19%         3
 Fireball                 Conj/Fire      7%           73%         5


Dungeon Overview and Level Annotations

Branches:
Dungeon (3/15)

Altars:
Dithmenos
Hepliaklqana
Kikubaaqudgha
Qazlal
Ru
Trog


Innate Abilities, Weirdness & Mutations

Your plain brown scales are hard. (AC +5)
You cannot fit into any form of body armour.
You are cold-blooded and may be slowed by cold attacks.


Message History

Qazlal accepts your kill.
The iceblast engulfs the worm!
The worm is almost dead.
The orc wizard gestures wildly while chanting.
The orc wizard seems to speed up.
The centaur shoots an arrow.
The arrow closely misses you.
Evoke which item? (* to show all) (? for menu, Esc to quit)
Aiming: Iceblast
Press: ? - help, Shift-Dir - straight line, f/p - centaur
Aim: a centaur, wielding a +0 shortbow and quivering 14 arrows (moderately wounded)
The mass of ice explodes!
The iceblast engulfs the centaur!
The centaur is almost dead.
The iceblast engulfs the orc!
You kill the orc!
Qazlal accepts your kill.
The iceblast engulfs the worm!
You kill the worm!
Qazlal accepts your kill.
The centaur shoots an arrow.
The arrow hits you!
You die...

...##### .. .#....
#......##### #.## .....
##...>.....# ..##..=(
####<..##)#### #.#...#
###.##....##### #.....#
#######.#####.....###....#
.....##.....#####.##....#
.....######.......c.(.#.#
.....# #.....@)†..o..##
.....# ...######.###...#
.....### ###.....#
........ #.##..# .....#.
#. #.... .....##### #
###.## .......... .#
.†...#...# .# #..#......
..


You could see a centaur and an orc wizard (fast).

Vanquished Creatures
  Jessica (D:2)
  A worker ant (D:3)
  Robin (D:3)
  An adder (D:2)
  6 gnolls (D:2)
  3 worms
  A dart slug (D:2)
  5 leopard geckos
  5 orcs (D:3)
  2 giant cockroaches (D:1)
  17 goblins
  11 hobgoblins
  18 jackals
  10 bats
  5 frilled lizards
  6 kobolds
  5 rats
  4 foxfires (D:3)
102 creatures vanquished.

Vanquished Creatures (others)
  191 foxfires
191 creatures vanquished.

Grand Total: 293 creatures vanquished

Notes
Turn   | Place    | Note
-------+----------+-------------------------------------------
     0 | D:1      | Dirian the Draconian Fire Elementalist began the quest for
                  | the Orb.
     0 | D:1      | Reached XP level 1. HP: 14/14 MP: 3/3
   135 | D:1      | Reached XP level 2. HP: 20/20 MP: 3/5
   599 | D:1      | Reached XP level 3. HP: 26/26 MP: 0/6
  1133 | D:2      | Noticed Jessica
  1167 | D:2      | Killed Jessica
  1168 | D:2      | Reached skill level 1 in Fighting
  1168 | D:2      | Reached skill level 4 in Fire Magic
  1330 | D:2      | Reached XP level 4. HP: 35/35 MP: 1/7
  1451 | D:2      | Found a sacrificial altar of Ru.
  1451 | D:2      | Found a bloodstained altar of Trog.
  1451 | D:2      | Found an ancient bone altar of Kikubaaqudgha.
  1452 | D:2      | Found a shadowy altar of Dithmenos.
  1588 | D:2      | Found a hazy altar of Hepliaklqana.
  1773 | D:2      | Learned a level 3 spell: Conjure Flame
  2162 | D:2      | Reached XP level 5. HP: 11/41 MP: 4/9
  2936 | D:2      | Learned a level 4 spell: Sticky Flame
  2952 | D:3      | Noticed Robin
  2955 | D:3      | Killed Robin
  3151 | D:3      | Found a faded altar of an unknown god.
  3272 | D:3      | Became a worshipper of Qazlal Stormbringer
  3272 | D:3      | Reached * piety under Qazlal
  3381 | D:3      | Noticed a centaur
  3393 | D:3      | Shot with an arrow by a centaur

Illustrated notes

Levels and vault maps discovered:
D:1:      dpeg_arrival_tiny_c, layout_basic
D:2:      layout_basic, grunt_temple_overflow_open, nzn_hepliaklqana_mist_gate,
          minmay_misc_feat_square, uniq_jessica
D:3:      layout_rooms, lemuel_coloured_pillars_altar, serial_glass,
          glass_columns_c, glass_columns_b, chequers_ecumenical_altar_island,
          led_sif_pool, uniq_robin

Skill      XL: |  1  2  3  4  5 |
---------------+----------------+-----
Stealth        | 2 |  2.0
Fighting       | 1 2 |  2.1
Fire Magic     | 4 |  4.6
Conjurations   | 2 |  2.4
Spellcasting   | 3 |  3.3
Short Blades   | |  0.2
Dodging        | |  1.7

Action                   |  1- 3 |  4- 6 || total
-------------------------+-------+-------++-------
Melee: Dagger            |    52 |       ||    52
       Unarmed           |     3 |       ||     3
       Tailslap          |     3 |     4 ||     7
       Short sword       |       |    39 ||    39
 Cast: Foxfire           |    51 |    86 ||   137
       Conjure Flame     |       |     1 ||     1
Evoke: Wand              |       |     6 ||     6
  Use: Potion            |       |     2 ||     2
Armor: Skin              |    19 |    28 ||    47
Dodge: Dodged            |    45 |    57 ||   102

Table legend: (Time is in decaauts)
 A = Elapsed time spent in this place.
 B = Non-inter-level travel time spent in this place.
 C = Inter-level travel time spent in this place.
 D = Time resting spent in this place.
 E = Time spent auto-exploring this place.
 F = Levels seen in this place.
 G = Mean time per level.
                   A        B        C        D        E       F      G
               +--------+--------+--------+--------+--------+-----+--------+
         Total |   3400 |   3388 |     12 |      0 |   2603 |   3 | 1133.3 |
       Dungeon |   3400 |   3388 |     12 |      0 |   2603 |   3 | 1133.3 |
               +--------+--------+--------+--------+--------+-----+--------+

Top non-repeatable levels by time:
     D:2: 1884 daAuts
     D:1: 1066 daAuts
     D:3: 449 daAuts
